 Dungeon Crawl Stone Soup version 0.16-a0-2736-g1697cd3 (webtiles) character file.

76678 Ratboiler the Severer (level 15, 29/132 HPs)
             Began as a Deep Dwarf Artificer on Nov 26, 2014.
             Was the Champion of Ru.
             Quit the game on level 1 of the Snake Pit.
             The game lasted 01:40:11 (23349 turns).

Ratboiler the Severer (Deep Dwarf Artificer)       Turns: 23349, Time: 01:40:12

Health: 29/132     AC: 25    Str: 19    XL:     15   Next: 13%
Magic:  15/15      EV:  6    Int: 10    God:    Ru [******]
Gold:   1819       SH:  0    Dex: 16    Spells: 5 memorised, 6 levels left

rFire  + . .     SeeInvis +     a - +4 war axe (elec)
rCold  . . .     Rnd*Rage +     Y - +2 plate armour {rF+}
rNeg   + . .     SustAb   .     (shield unavailable)
rPois  .         Gourm    .     w - +0 helmet
rElec  .         Spirit   .     G - +0 cloak
rCorr  .         Warding  .     H - +2 pair of gloves
rMut   .         Stasis   .     q - +2 pair of boots {Fly}
MR     +++..                    z - necklace of Bloodlust {*Rage +Rage MR+ Str+2 Int-2 Slay+3 Curse}
Stlth  +.........               Z - ring of see invisible
                                (ring unavailable)

@: mildly poisoned, exhausted, non-regenerating, slowed, drained, very slow,
extremely resistant to hostile enchantments, very unstealthy
A: damage resistance, recharge devices, clumsy 1, negative energy resistance 1,
sense surroundings 2, slow healing 3, inability to drink while threatened,
missing a hand, hated by all, disrupted magic 2
a: Device Recharging, Draw Out Power, Power Leap, Apocalypse, Renounce Religion,
Evoke Berserk Rage, Evoke Flight


You were on level 1 of the Snake Pit.
You worshipped Ru.
Ru was exalted by your worship.
You were not hungry.

You visited 4 branches of the dungeon, and saw 25 of its levels.
You also visited: Sewer, Ossuary and Bailey.

You collected 3092 gold pieces.
You spent 1273 gold pieces at shops.

Inventory:

Hand weapons
 a - a +4 war axe of electrocution (weapon)
 b - the +6 war axe "Yzay" {freeze, rC+}
   (You bought it in a shop on level 6 of the Dungeon)

   It has been specially enchanted to freeze those struck by it, causing extra
   injury to most foes and up to double damage against particularly susceptible
   opponents.
   It can also slow down cold-blooded creatures.
   It protects you from cold.
 T - a +1 blowgun
Missiles
 t - 60 poisoned needles
 v - 4 tomahawks (quivered)
Armour
 q - a +2 pair of boots of flying (worn)
 w - a +0 helmet (worn)
 G - a +0 cloak (worn)
 H - a +2 pair of gloves (worn)
 Y - a +2 plate armour of fire resistance (worn)
Jewellery
 x - an uncursed ring of ice
 z - the necklace of Bloodlust (around neck) {*Rage +Rage MR+ Str+2 Int-2 Slay+3 Curse}
   (You found it on level 4 of the Dungeon)

   [amulet of rage]

   It affects your strength (+2).
   It affects your intelligence (-2).
   It affects your accuracy and damage with ranged weapons and melee attacks
   (+3).
   It affects your resistance to hostile enchantments.
   It lets you go berserk.
   It may make you go berserk in combat.
   It may recurse itself when equipped.
 I - an uncursed ring of fire
 Z - a ring of see invisible (right hand)
Magical devices
 e - a wand of flame (0)
 f - a wand of heal wounds (1)
 h - a wand of frost (21)
 k - a wand of flame (5)
 p - a wand of fireball (2)
 s - a wand of frost (12)
 S - a wand of hasting (5)
 V - a wand of flame (7)
 X - a wand of fire (6)
Scrolls
 d - a scroll of holy word {unknown}
 r - a scroll of brand weapon {unknown}
 y - 2 scrolls of immolation {unknown}
 E - 5 scrolls of remove curse
 J - 14 scrolls of teleportation
 L - 4 scrolls of amnesia
 N - 2 scrolls of blinking
 O - 7 scrolls of magic mapping
 P - a scroll of silence
 U - a scroll of enchant armour
 W - 3 scrolls of fear
Potions
 c - a potion of agility
 i - 6 potions of restore abilities
 j - 11 potions of curing
 l - a potion of lignification
 n - 3 potions of haste
 o - 2 potions of invisibility
 u - 6 potions of might
 A - 4 potions of heal wounds
 F - 3 potions of resistance
 K - a potion of berserk rage
 M - 4 potions of brilliance
Comestibles
 g - 5 bread rations


   Skills:
 * Level 8.0(7.1) Fighting
   Level 0.8(0.2) Short Blades
 - Level 16.2(15.7) Axes
   Level 6.8(12.1) Maces & Flails
   Level 8.1(8.2) Staves
 + Level 9.5(8.7) Armour
 + Level 10.0(9.1) Dodging
 - Level 15.1(14.2) Stealth
 - Level 8.0(7.2) Evocations


You had 6 spell levels left.
You knew the following spells:

 Your Spells              Type           Power        Failure   Level  Hunger
a - Apportation           Tloc           #.........   100%        1    ##.....
b - Summon Butterflies    Summ           #.......     100%        1    ##.....
c - Blink                 Tloc           N/A          100%        2    ###....
d - Repel Missiles        Chrm/Air       #.....       100%        2    ###....
e - Swiftness             Chrm/Air       #.......     100%        2    ###....


Dungeon Overview and Level Annotations

Branches:
Dungeon (12/15) Temple (0/1) D:4 Lair (8/8) D:11 Shoals (0/5) Lair:5 Snake (1/5) Lair:5 Slime (0/6) Lair:6 Lair:7 Orc (4/4) D:11 Elf (0/3) Orc:3

Altars:
Dithmenos
Elyvilon
Kikubaaqudgha
Makhleb
Nemelex Xobeh
Okawaru
Qazlal
Ru
Sif Muna
Vehumet
Xom
Zin
Jiyva

Shops:
D:4 :   D:6 (!*(   Orc:1 =   Orc:4 *%(*


Innate Abilities, Weirdness & Mutations

You are resistant to damage.
You can recharge devices by infusing magical energy.
You are clumsy. (Dex -2)
You resist negative energy.
You passively map the area around you.
You do not heal naturally.
You cannot drink potions while threatened.
You are missing a hand.
You are hated by all.
Your casting is disrupted.


Message History

The naga warrior constricts you.
The shock serpent shoots out a bolt of lightning at you!
The bolt of electricity hits you!
You slash the shock serpent!
You kill the shock serpent!
Your Dodging skill increases to level 10!
The helpless naga warrior fails to defend itself.
You slash the naga warrior!
The naga warrior is almost dead.
The air sparks with electricity!
The lightning shocks you.
You can drink potions again.
The naga warrior constricts you.
You escape the naga warrior's grasp.
The helpless naga warrior fails to defend itself.
You open the naga warrior like a pillowcase!!!
You kill the naga warrior!
Your Fighting skill increases to level 8!
Things that are here:
a club; a robe Are you sure you want to abandon this character and quit the game? (Confirm with "yes".)

,
*#...##....)...####..........
, ,
#...#####...(..#############
,, *#...#######..⌠..## *
,*#...#.........(..# , ,
*#...+........(...# , * ,
.#...⌠..⌠(>.⌠.+ > * , , *
.............# , *
*#......).....#* ⌠ *
#######@.⌠..##* * , ,,
**#......##, , , , ,
,#........##,, , , +...⌠...##
, ,,, #......##,, , , , ,
......## , ,, , , ..$## , ,
*## , ,, , , , , , ,,


There were no monsters in sight!

Vanquished Creatures
  Saint Roka (Orc:4)
  Snorg (Lair:4)
  Josephine (D:10)
  Harold (Lair:4)
  3 hydras
  2 naga warriors (Snake:1)
  9 death yaks
  3 orc high priests (Orc:4)
  A shock serpent (Snake:1)
  Nergalle (Lair:4)
  2 hill giants (D:10)
  4 lindwurms (Lair:3)
  5 orc sorcerers
  3 griffons
  6 elephants (Lair:8)
  A manticore (D:11)
  6 orc knights
  14 black mambas
  3 centaur zombies
  Joseph (Orc:3)
  An orange demon (Orc:4)
  A gargoyle (D:11)
  2 fire drakes (Lair:6)
  8 komodo dragons
  A hellwing (Orc:4)
  A naga mage (Snake:1)
  3 trolls
  20 spiny frogs
  A two-headed ogre (D:12)
  4 blue devils (Orc:4)
  A trapdoor spider (D:11)
  A shadow (D:9)
  45 yaks
  15 blink frogs
  2 wyverns
  6 basilisks
  Eustachio (D:8)
  A wraith (D:11)
  A deep elf mage (D:10)
  15 hippogriffs
  A naga (Snake:1)
  19 wolves
  5 vampire mosquitoes (Lair:8)
  A mottled dragon (D:12)
  8 porcupines
  13 water moccasins
  A necrophage (D:10)
  A yellow wasp (D:12)
  2 ice beasts
  6 sky beasts
  11 ogres
  3 phantoms
  24 orc warriors
  A boring beetle (Lair:8)
  16 crocodiles
  24 centaurs
  2 big kobolds
  22 giant frogs
  A wyvern skeleton (D:10)
  2 scorpions (D:12)
  A water moccasin skeleton (D:10)
  9 killer bees (D:8)
  4 wights (D:10)
  5 electric eels (Lair:8)
  6 crimson imps
  A goliath beetle (D:7)
  9 hounds
  6 jellies
  2 centaur skeletons
  10 orc priests
  13 iguanas
  31 orc wizards
  3 giant frog skeletons
  12 worker ants
  A killer bee zombie (D:8)
  23 sheep
  A big kobold zombie (Ossuary)
  A giant frog simulacrum (D:10)
  2 hound zombies
  8 mummies (Ossuary)
  Robin (D:2)
  4 gnolls (D:8)
  A worker ant zombie (D:6)
  40 adders
  35 river rats
  2 shadow imps
  5 giant mites
  4 worms
  An adder skeleton (D:9)
  6 giant geckos
  An ooze (D:5)
  165 orcs
  12 bats
  17 goblins
  18 hobgoblins
  12 jackals
  A ball python (D:6)
  4 giant cockroaches
  A giant gecko zombie (D:8)
  2 giant newts
  2 giant spores
  A hobgoblin zombie (Ossuary)
  A jackal zombie (D:7)
  21 kobolds
  4 kobold zombies
  5 orc zombies
  11 quokkas
  15 rats
  2 spectral orcs (Lair:4)
  4 ballistomycetes
  6 fungi
  8 plants
921 creatures vanquished.

Vanquished Creatures (others)
  A salamander (Snake:1)
  A centaur zombie (D:12)
  A spiny frog (Lair:8)
  A yak (D:12)
  A jelly (D:6)
  2 orc wizards
  A sheep (Lair:8)
  An adder (D:4)
  A bat (D:6)
  A kobold (D:10)
  5 fungi
  5 plants
21 creatures vanquished.

Grand Total: 942 creatures vanquished

Notes
Turn   | Place    | Note
--------------------------------------------------------------
     0 | D:1      | Ratboiler, the Deep Dwarf Artificer, began the quest for the Orb.
     0 | D:1      | Reached XP level 1. HP: 16/16 MP: 1/1
   490 | D:1      | Reached XP level 2. HP: 13/24 MP: 3/3
   508 | D:1      | Reached skill level 5 in Evocations
   674 | D:2      | Noticed Robin
   895 | D:2      | Found a radiant altar of Vehumet.
  1017 | D:2      | Reached XP level 3. HP: 30/30 MP: 5/5
  1027 | D:2      | Found a sacrificial altar of Ru.
  1074 | D:2      | Reached skill level 6 in Evocations
  1151 | D:2      | HP: 1/30 [worm (7)]
  1347 | D:2      | Reached XP level 4. HP: 28/37 MP: 8/8
  1365 | D:2      | Killed Robin
  1365 | D:2      | Reached skill level 7 in Evocations
  1586 | D:2      | Became a worshipper of Ru the Awakened
  1802 | D:3      | Found an iron altar of Okawaru.
  1802 | D:3      | Found a shimmering altar of Xom.
  1819 | D:3      | Found a white marble altar of Elyvilon.
  1946 | D:3      | Found a shadowy altar of Dithmenos.
  1946 | D:3      | Found a stormy altar of Qazlal.
  1981 | D:3      | Found a deep blue altar of Sif Muna.
  2100 | D:3      | Reached skill level 8 in Evocations
  2117 | D:3      | Reached XP level 5. HP: 38/43 MP: 11/11
  2263 | D:3      | Reached skill level 1 in Maces & Flails
  2304 | D:3      | Found a glowing drain.
  2311 | Sewer    | Entered a sewer
  2477 | Sewer    | Found a white marble altar of Elyvilon.
  2493 | Sewer    | Gained mutation: Your casting is slightly disrupted. [Ru sacrifice]
  2916 | D:3      | Reached XP level 6. HP: 36/50 MP: 14/14
  3123 | D:4      | Found a staircase to the Ecumenical Temple.
  3175 | D:4      | Found Rotrir's Book Shop.
  3750 | D:5      | Entered Level 5 of the Dungeon
  3784 | D:5      | Got a faintly glowing quarterstaff
  3800 | D:5      | Reached skill level 5 in Maces & Flails
  3808 | D:5      | Identified the +7 quarterstaff "Demim" {elec, rPois Str+2 SInv} (You found it on level 5 of the Dungeon)
  3941 | D:5      | Reached XP level 7. HP: 30/56 MP: 16/16
  4089 | D:5      | Found a sand-covered staircase.
  4102 | Ossuary  | Entered an ossuary
  4375 | Ossuary  | Reached skill level 15 in Stealth
  4375 | Ossuary  | Reached XP level 8. HP: 37/63 MP: 17/17
  4517 | D:5      | Gained mutation: You are hated by all. [Ru sacrifice]
  4517 | D:5      | Acquired Ru's first power
  4629 | D:5      | Found a burning altar of Makhleb.
  4631 | D:5      | Noticed an Executioner
  4632 | D:5      | Found a glowing silver altar of Zin.
  4633 | D:5      | Noticed an angel
  4812 | D:6      | Reached skill level 1 in Staves
  4890 | D:6      | Gained mutation: You passively map the area around you. [level up]
  4890 | D:6      | Reached XP level 9. HP: 48/69 MP: 19/19
  4902 | D:6      | Found Ladufuabb's Antique Weapon Shop.
  5088 | D:6      | Found Grodileu's Distillery.
  5091 | D:6      | Gained mutation: Your mind is acute. (Int +2) [potion of mutation]
  5091 | D:6      | Gained mutation: Your vision is a little blurry. [potion of mutation]
  5091 | D:6      | Gained mutation: You have sharp toenails. [potion of mutation]
  5092 | D:6      | Bought a potion of cure mutation for 490 gold pieces
  5093 | D:6      | Lost mutation: Your mind is acute. (Int +2) [potion of cure mutation]
  5093 | D:6      | Lost mutation: Your vision is a little blurry. [potion of cure mutation]
  5093 | D:6      | Lost mutation: You have sharp toenails. [potion of cure mutation]
  5103 | D:6      | Found Guguacin's General Store.
  5108 | D:6      | Found Yleydghes' Antique Weapon Shoppe.
  5121 | D:6      | Bought a scroll of identify for 26 gold pieces
  5281 | D:6      | Found a deep blue altar of Sif Muna.
  6339 | D:8      | Reached skill level 5 in Staves
  6356 | D:8      | Gained mutation: You are clumsy. (Dex -2) [Ru sacrifice]
  6755 | D:8      | Noticed Eustachio
  6763 | D:8      | Killed Eustachio
  7004 | D:9      | Reached XP level 10. HP: 56/76 MP: 19/19
  7026 | D:9      | Found a sparkling altar of Nemelex Xobeh.
  7043 | D:9      | Noticed a centaur zombie
  7050 | D:9      | Killed a centaur zombie
  7599 | D:7      | HP: 3/114 [goliath beetle (16)]
  7688 | D:6      | Bought a crystal war axe for 204 gold pieces
  7689 | D:6      | Identified the +6 war axe "Yzay" {freeze, rC+} (You bought it in a shop on level 6 of the Dungeon)
  7791 | D:8      | Got an ancient trident
  7792 | D:8      | Identified the +7 trident of Vengeance {flame, +Blink rN+ MR++} (You found it on level 8 of the Dungeon)
  7829 | D:9      | Reached skill level 1 in Axes
  8205 | D:10     | Entered Level 10 of the Dungeon
  8219 | D:10     | Gained mutation: Your casting is disrupted. [Ru sacrifice]
  8219 | D:10     | Acquired Ru's second power
  8377 | D:10     | Noticed a hill giant
  8472 | D:10     | Noticed Josephine
  8476 | D:10     | Reached skill level 5 in Axes
  8477 | D:10     | Reached XP level 11. HP: 82/82 MP: 18/18
  8480 | D:10     | Killed Josephine
  8631 | D:10     | HP: 4/82 [deep elf mage/bolt of magma (18)]
  8653 | D:10     | Noticed a hill giant
  8808 | D:10     | Killed a hill giant
  9080 | D:10     | Killed a hill giant
  9495 | D:11     | Reached skill level 10 in Axes
  9594 | D:11     | Gained mutation: You cannot drink potions while threatened. [Ru sacrifice]
  9594 | D:11     | Acquired Ru's third power
  9601 | D:11     | Gained mutation: You are frail (-10% HP). [potion of mutation]
  9601 | D:11     | Gained mutation: You are resistant to hostile enchantments. [potion of mutation]
  9601 | D:11     | Gained mutation: Your muscles are strong. (Str +2) [potion of mutation]
  9602 | D:11     | Lost mutation: You are frail (-10% HP). [potion of cure mutation]
  9602 | D:11     | Lost mutation: Your muscles are strong. (Str +2) [potion of cure mutation]
  9602 | D:11     | Lost mutation: You are resistant to hostile enchantments. [potion of cure mutation]
  9635 | D:11     | Found a staircase to the Lair.
  9996 | D:11     | Found a staircase to the Orcish Mines.
 10425 | D:12     | Reached XP level 12. HP: 50/90 MP: 15/15
 10514 | D:12     | Learned a level 1 spell: Apportation
 10516 | D:12     | Learned a level 1 spell: Summon Butterflies
 10519 | D:12     | Learned a level 2 spell: Blink
 10733 | D:12     | Found a flagged portal.
 10743 | Bailey   | Entered a bailey
 11262 | Lair:1   | Entered Level 1 of the Lair of Beasts
 11286 | Lair:1   | Gained mutation: You are missing a hand. [Ru sacrifice]
 11286 | Lair:1   | Acquired Ru's fourth power
 11286 | Lair:1   | Acquired Ru's fifth power
 11734 | Lair:1   | Noticed a six-headed hydra
 11746 | Lair:1   | Killed a six-headed hydra
 12133 | Lair:2   | Learned a level 2 spell: Repel Missiles
 12136 | Lair:2   | Learned a level 2 spell: Swiftness
 13393 | Lair:3   | Noticed a six-headed hydra
 13403 | Lair:3   | Killed a six-headed hydra
 13739 | Lair:3   | Reached skill level 15 in Axes
 13790 | Lair:3   | Got a twitching iron ring
 13823 | Lair:3   | Got an encrusted chain mail
 13829 | Lair:3   | Identified the cursed +0 chain mail of the Ladybird {+Inv Dex+1} (You found it on level 3 of the Lair of Beasts)
 13849 | Lair:3   | Identified the ring of Contention {-Tele +Fly Int+3} (You found it on level 3 of the Lair of Beasts)
 13916 | Lair:4   | Reached XP level 13. HP: 96/96 MP: 15/15
 13987 | Lair:4   | Noticed Nergalle
 13999 | Lair:4   | Killed Nergalle
 14076 | Lair:4   | Noticed Harold
 14095 | Lair:4   | Killed Harold
 14274 | Lair:4   | Noticed Snorg
 14665 | Lair:4   | Reached skill level 16 in Axes
 14878 | Lair:4   | Killed Snorg
 15133 | Lair:5   | Reached skill level 1 in Armour
 15223 | Lair:5   | Found a staircase to the Snake Pit.
 15433 | Lair:5   | Got a crystal trident
 15434 | Lair:5   | Identified the +4 trident "Meisota" {drain, rF+} (You found it on level 5 of the Lair of Beasts)
 15526 | Lair:5   | Reached skill level 5 in Dodging
 15811 | Lair:5   | Reached skill level 5 in Armour
 16001 | Lair:5   | Found an ancient bone altar of Kikubaaqudgha.
 16139 | Lair:5   | Found a staircase to the Shoals.
 16399 | Lair:6   | Found a staircase to the Slime Pits.
 16591 | Lair:6   | Reached skill level 1 in Fighting
 17300 | Lair:7   | Gained mutation: You resist negative energy. [level up]
 17300 | Lair:7   | Reached XP level 14. HP: 106/106 MP: 16/16
 17481 | Lair:7   | Found a staircase to the Slime Pits.
 17678 | Lair:7   | Found a viscous altar of Jiyva.
 17998 | Lair:7   | Got a distressingly furry leather armour
 18017 | Lair:7   | Identified the +0 leather armour of the Depths {rN+ Dex+3} (You found it on level 7 of the Lair of Beasts)
 18249 | Lair:8   | Entered Level 8 of the Lair of Beasts
 18693 | Lair:8   | Reached skill level 5 in Fighting
 19687 | Orc:1    | Entered Level 1 of the Orcish Mines
 20039 | Orc:1    | Found Idwet's Jewellery Shop.
 20483 | Orc:2    | You fall through a shaft for 2 floors!
 20483 | Orc:4    | Entered Level 4 of the Orcish Mines
 20865 | Orc:3    | Noticed Joseph
 20874 | Orc:3    | Killed Joseph
 20923 | Orc:3    | Found a staircase to the Elven Halls.
 21830 | Orc:4    | Noticed Saint Roka
 21853 | Orc:4    | Killed Saint Roka
 22292 | Orc:4    | Found Icvy's Assorted Antiques.
 22401 | Orc:4    | Found Kahudov's General Store.
 22406 | Orc:4    | Reached XP level 15. HP: 54/129 MP: 17/17
 22411 | Orc:4    | Found Pliebonn's Food Shop.
 22482 | Orc:4    | Found Thousim's Antique Weapon Shop.
 22494 | Orc:4    | Bought a scroll of teleportation for 84 gold pieces
 22494 | Orc:4    | Bought a scroll labeled TWYIVO KOQUCIU for 28 gold pieces
 22494 | Orc:4    | Bought a scroll labeled AXUISOP CUMANK for 28 gold pieces
 22494 | Orc:4    | Bought a scroll labeled SMISYF RASYTUNUE for 28 gold pieces
 22494 | Orc:4    | Bought a scroll of enchant weapon for 210 gold pieces
 22511 | Orc:4    | Bought a scroll of teleportation for 42 gold pieces
 22511 | Orc:4    | Bought a scroll of identify for 28 gold pieces
 22511 | Orc:4    | Bought a scroll of identify for 28 gold pieces
 22511 | Orc:4    | Bought a scroll of magic mapping for 49 gold pieces
 22511 | Orc:4    | Bought a scroll of identify for 28 gold pieces
 22988 | Lair:1   | Identified 2 scrolls of acquirement
 22989 | Lair:1   | Got a shimmering helmet
 23000 | Lair:1   | Identified the -2 helmet "Chykiug" {+Blink +Inv} (You acquired it on level 1 of the Lair of Beasts)
 23107 | Snake:1  | Entered Level 1 of the Snake Pit
 23345 | Snake:1  | Reached skill level 10 in Dodging
 23349 | Snake:1  | Quit the game

Action                   |  1- 3 |  4- 6 |  7- 9 | 10-12 | 13-15 || total
-------------------------+-------+-------+-------+-------+-------++-------
Melee: Short sword       |   128 |    59 |       |       |       ||   187
       Spear             |     3 |    32 |       |       |       ||    35
       Flail             |       |   297 |       |       |       ||   297
       Quarterstaff      |       |    15 |   223 |    72 |       ||   310
       War axe           |       |       |       |   591 |   850 ||  1441
 Fire: Blowgun           |       |       |     2 |    11 |       ||    13
Throw: Tomahawk          |       |       |     1 |     1 |     1 ||     3
Invok: Sacrifice Essence |       |     1 |       |     1 |       ||     2
       Sacrifice Love    |       |       |     1 |       |       ||     1
       Sacrifice Purity  |       |       |     1 |       |       ||     1
       Draw Out Power    |       |       |       |    19 |    31 ||    50
       Sacrifice Drink   |       |       |       |     1 |       ||     1
       Power Leap        |       |       |       |     1 |       ||     1
       Sacrifice a Hand  |       |       |       |     1 |       ||     1
       Apocalypse        |       |       |       |       |     2 ||     2
 Abil: Device Recharging |       |       |     2 |     7 |     2 ||    11
       Evoke Berserk Rag |       |       |     1 |     3 |     1 ||     5
Evoke: Wand              |     7 |     6 |     9 |    79 |    13 ||   114
  Use: Scroll            |       |     2 |     9 |    12 |    18 ||    41
       Potion            |       |       |     3 |     3 |       ||     6
 Stab: Sleeping          |       |       |     8 |    16 |    23 ||    47
       Invisible         |       |       |       |    10 |    13 ||    23
       Distracted        |       |       |       |     7 |     7 ||    14
       Paralysed         |       |       |       |     3 |    13 ||    16
  Eat: Chunk             |     1 |     9 |    12 |    19 |    17 ||    58
       Pizza             |       |     1 |       |     1 |     1 ||     3
       Beef jerky        |       |       |     1 |     4 |       ||     5
       Meat ration       |       |       |     1 |     4 |     4 ||     9
       Fruit             |       |       |       |    11 |     7 ||    18
       Bread ration      |       |       |       |       |     4 ||     4
       Royal jelly       |       |       |       |       |     1 ||     1
